 Dungeon Crawl Stone Soup version 0.18-a0-1805-g8ab820f (webtiles) character file.

6220 Mefis the Magician (level 11, -4/75 HPs)
             Began as a Human Wizard on Apr 22, 2016.
             Was a Priest of Sif Muna.
             Slain by a yak (13 damage)
             ... on level 1 of the Lair of Beasts on Apr 25, 2016.
             The game lasted 02:50:41 (14257 turns).

Mefis the Magician (Human Wizard)                  Turns: 14257, Time: 02:50:42

Health: -4/75      AC:  6    Str:  7    XL:     11   Next: 14%
Magic:  12/20      EV: 19    Int: 27    God:    Sif Muna [***...]
Gold:   594        SH:  0    Dex: 18    Spells: 7 memorised, 4 levels left

rFire  . . .     SeeInvis .     I - +0 hunting sling
rCold  . . .     Gourm    .     a - +0 robe
rNeg   . . .     Faith    .     (no shield)
rPois  +         Spirit   .     b - +0 hat
rElec  .         Dismiss  .     i - +1 cloak
rCorr  .         Reflect  .     o - +0 pair of gloves
SustAt .         Harm     .     h - +0 pair of boots
MR     .....                    n - amulet of magic regeneration
Stlth  ++++......               B - ring of poison resistance
                                S - +2 ring of intelligence

@: agile, repel missiles, not resistant to hostile enchantments, stealthy
A: camouflage 1, agile 1, clever 1
a: Channel Energy, Renounce Religion


You were on level 1 of the Lair of Beasts.
You worshipped Sif Muna.
Sif Muna was most pleased with you.
You were not hungry.

You visited 3 branches of the dungeon, and saw 13 of its levels.

You collected 594 gold pieces.

Inventory:

Hand Weapons
 x - a +0 blowgun
 A - the +4 dagger "Morg" {pain, MR+ Int+5}
   (You found it on level 8 of the Dungeon)

   In the hands of one skilled in necromantic magic, it inflicts extra damage on
   living creatures.
   It affects your intelligence (+5).
   It affects your resistance to hostile enchantments.
 I - a +0 hunting sling (weapon)
Missiles
 s - 31 poisoned needles
 H - 6 needles of sleeping
 L - 4 needles of confusion
 N - 7 curare-tipped needles
 O - 19 sling bullets (quivered)
 U - a tomahawk of returning
Armour
 a - a +0 robe (worn)
 b - a +0 hat (worn)
 h - a +0 pair of boots (worn)
 i - a +1 cloak (worn)
 o - a +0 pair of gloves (worn)
Jewellery
 n - an amulet of magic regeneration (around neck)
 t - an uncursed ring of protection from magic
 y - an uncursed ring of protection from cold
 B - a ring of poison resistance (right hand)
 S - a +2 ring of intelligence (left hand)
Wands
 j - a wand of flame (28/48)
 v - a wand of random effects (27/48)
 D - a wand of acid (6/15)
 P - a wand of enslavement (11/24)
 X - a wand of acid (0/15)
 Y - a wand of lightning (12/15)
Scrolls
 f - 3 scrolls of enchant armour
 l - 2 scrolls of teleportation
 m - a scroll of recharging
 r - 2 scrolls of remove curse
 E - 2 scrolls of magic mapping
 F - 2 scrolls of enchant weapon
 K - a scroll of random uselessness {unknown}
 Q - a scroll of amnesia
 V - a scroll of noise {unknown}
 Z - a scroll of silence {unknown}
Potions
 e - 2 potions of lignification
 g - a potion of magic {unknown}
 k - 2 potions of cancellation
 p - a potion of cure mutation
 C - 5 potions of brilliance
 J - a potion of invisibility {unknown}
 T - a potion of might {unknown}
Books
 c - a book of Minor Magic

   Spells                             Type                      Level
   a - Magic Dart                     Conjuration                  1
   b - Blink                          Translocation                2
   c - Call Imp                       Summoning                    2
   d - Repel Missiles                 Charms/Air                   2
   e - Slow                           Hexes                        2
   f - Conjure Flame                  Conjuration/Fire             3
   g - Mephitic Cloud                 Conjuration/Poison/Air       3
 z - a book of Transfigurations

   Spells                             Type                      Level
   a - Irradiate                      Conjuration/Transmutation    5
   b - Statue Form                    Transmutation/Earth          6
   c - Hydra Form                     Transmutation                6
   d - Dragon Form                    Transmutation                7
Comestibles
 d - 3 bread rations
 u - a slice of pizza
 w - 4 meat rations
 G - 2 beef jerkies
 R - 5 fruits
 W - 5 chunks of flesh


   Skills:
 - Level 3.0 Fighting
 - Level 3.3 Short Blades
 + Level 3.6(4.8) Slings
 * Level 4.8(5.4) Throwing
 + Level 3.3 Dodging
 + Level 2.2 Stealth
 + Level 6.3 Spellcasting
 * Level 4.4 Conjurations
 * Level 5.3 Summonings
 * Level 4.8 Translocations
 * Level 3.3 Transmutations
 * Level 3.8 Fire Magic
 * Level 4.2 Air Magic
 * Level 3.4 Poison Magic
 * Level 3.8 Invocations


You had 4 spell levels left.
You knew the following spells:

 Your Spells              Type           Power        Failure   Level  Hunger
a - Magic Dart            Conj           ####         1%          1    None
b - Call Imp              Summ           #####...     1%          2    None
c - Blink                 Tloc           N/A          1%          2    None
d - Repel Missiles        Chrm/Air       ###...       4%          2    None
e - Mephitic Cloud        Conj/Pois/Air  ####....     3%          3    None
f - Conjure Flame         Conj/Fire      ####....     3%          3    None
g - Irradiate             Conj/Trmt      ####......   34%         5    #####..


Dungeon Overview and Level Annotations

Branches:
Dungeon (11/15)            Temple (1/1) D:4            Lair (1/8) D:9
    Orc: D:9-12

Altars:
Ashenzari
Cheibriados
Dithmenos
Elyvilon
Fedhas
Gozag
Kikubaaqudgha
Makhleb
Nemelex Xobeh
Okawaru
Pakellas
Qazlal
Ru
Sif Muna
Trog
Vehumet
Xom
Yredelemnul
Zin
The Shining One

Shops:
D:5 (

Annotations:
D:6 Stash1


Innate Abilities, Weirdness & Mutations

Your skin changes colour to match your surroundings (Stealth).
You are agile. (Dex +2)
Your mind is acute. (Int +2)


Message History

You assume a fearsome visage.
The black mamba looks frightened!
The iguana looks frightened!
Press: ? - help, v - describe, . - travel
Here: a black mamba (fleeing)
The floor.
There is an open door here.
You close the door.
Casting: Blink
Confirm with . or Enter, or press ? or * to list all spells.
You blink.
Casting: Blink
Confirm with . or Enter, or press ? or * to list all spells.
You blink.
Casting: Blink
Confirm with . or Enter, or press ? or * to list all spells.
You blink.
Casting: Blink
Confirm with . or Enter, or press ? or * to list all spells.
You blink.
The yak gores you!
You die...

#....##<..............#
###+##....[...§.......#
#.#.#...............#
....................#
....................#
...........§..........#
#####P...S.##.#+.##...#
###....###..####..# #
#..@.####.## #..#
..###..Y..##...###..#
..........+.....P#...#
...##...5.###....##..#
.. # ##....# #........#
... #..5.# #.#####..#
#... +####....# ###
#..# ....
.........#########..#
(...
....[...............#


You could see a black mamba, a yak and 2 friendly crimson imps.

Vanquished Creatures
  The ghost of JetFlynn the Summoner, a novice TeSu of the Shining One (Lair:1)
  A lindwurm (D:7)
  A spiny frog (Lair:1)
  A komodo dragon (Lair:1)
  A two-headed ogre (D:8)
  Prince Ribbit (D:8)
  A polar bear (D:8)
  3 boulder beetles (D:8)
  Sigmund (D:5)
  2 water elementals (D:8)
  13 yaks
  A porcupine (Lair:1)
  A water moccasin (Lair:1)
  3 ice beasts
  2 black bears
  3 ogres
  A centaur (D:7)
  A wolf (D:8)
  A crocodile (Lair:1)
  2 giant frogs (D:7)
  A water moccasin zombie (D:9)
  A scorpion (D:8)
  3 howler monkeys
  5 wights
  An electric eel (D:8)
  A crimson imp (D:6)
  2 jellies
  A centaur skeleton (D:9)
  2 orc priests (D:5)
  3 giant frog skeletons
  4 orc wizards
  4 iguanas
  A worker ant (D:6)
  A killer bee zombie (D:9)
  A wasp simulacrum (D:8)
  A hound zombie (D:9)
  A hound skeleton (D:9)
  A howler monkey zombie (D:7)
  5 gnolls
  3 river rats (Lair:1)
  4 adders
  A shadow imp (D:8)
  A white imp (D:8)
  An ufetubus (D:10)
  An ooze (D:3)
  A worm (D:2)
  An adder simulacrum (D:8)
  4 giant geckos
  18 orcs
  2 giant cockroaches
  12 goblins
  7 hobgoblins
  3 jackals (D:4)
  2 quokkas
  2 ball pythons
  2 bats
  A giant gecko simulacrum (D:8)
  2 giant gecko zombies (D:5)
  7 giant newts
  6 kobolds
  8 rats
169 creatures vanquished.

Vanquished Creatures (collateral kills)
  A lindwurm (D:7)
  A yak (Lair:1)
  A water moccasin (D:7)
  A porcupine (Lair:1)
  An ice beast (D:5)
  An ogre (D:5)
  A wolf (D:8)
  2 giant frogs
  A scorpion (D:4)
  3 wights (D:7)
  2 howler monkeys
  2 crimson imps (D:5)
  3 hounds
  An orc wizard (D:6)
  A giant frog skeleton (D:6)
  3 iguanas
  Terence (D:2)
  4 worker ants
  Robin (D:3)
  2 gnolls (D:3)
  2 adders
  3 river rats (Lair:1)
  3 worms
  5 orcs
  6 goblins (D:3)
  7 hobgoblins (D:3)
  A kobold (D:3)
  2 giant newts
  2 rats
64 creatures vanquished.

Vanquished Creatures (others)
  An earth elemental (D:8)
  3 fungi (Lair:1)
4 creatures vanquished.

Grand Total: 237 creatures vanquished

Notes
Turn   | Place    | Note
--------------------------------------------------------------
     0 | D:1      | Mefis the Human Wizard began the quest for the Orb.
     0 | D:1      | Reached XP level 1. HP: 13/13 MP: 4/4
   472 | D:1      | Reached XP level 2. HP: 19/19 MP: 0/6
   478 | D:1      | Learned a level 2 spell: Call Imp
   481 | D:1      | Learned a level 2 spell: Blink
   484 | D:1      | Learned a level 2 spell: Repel Missiles
   863 | D:1      | Reached XP level 3. HP: 24/24 MP: 6/8
  1528 | D:2      | Noticed Terence
  1659 | D:2      | Killed Terence
  1659 | D:2      | Reached XP level 4. HP: 16/30 MP: 4/9
  2255 | D:3      | Found an iron altar of Okawaru.
  2269 | D:3      | Found a white marble altar of Elyvilon.
  2430 | D:3      | Reached skill level 1 in Short Blades
  2433 | D:3      | Found a sparkling altar of Nemelex Xobeh.
  2550 | D:3      | Noticed Robin
  2560 | D:3      | Upgraded the game from 0.18-a0-1797-gc18daef to 0.18-a0-1800-gdc7a371
  2567 | D:3      | Killed Robin
  2693 | D:3      | Reached XP level 5. HP: 25/36 MP: 0/10
  2874 | D:3      | Reached skill level 1 in Fighting
  2923 | D:3      | Found a faded altar to an unknown god.
  3249 | D:4      | Reached skill level 4 in Spellcasting
  3329 | D:4      | Found an ancient bone altar of Kikubaaqudgha.
  3471 | D:4      | Reached skill level 1 in Throwing
  3471 | D:4      | Reached skill level 1 in Air Magic
  3567 | D:4      | Found a staircase to the Ecumenical Temple.
  3585 | Temple   | Entered the Ecumenical Temple
  3756 | Temple   | Became a worshipper of Qazlal Stormbringer
  3789 | D:4      | Found an oddly glowing altar of Pakellas.
  3834 | D:4      | Reached XP level 6. HP: 26/43 MP: 0/12
  4017 | D:4      | Found a shimmering altar of Xom.
  4020 | D:4      | Found a deep blue altar of Sif Muna.
  4023 | D:4      | Found a sacrificial altar of Ru.
  4164 | D:4      | Learned a level 3 spell: Mephitic Cloud
  4168 | D:4      | Learned a level 3 spell: Conjure Flame
  4411 | D:5      | Entered Level 5 of the Dungeon
  4434 | D:5      | Noticed Sigmund
  4480 | D:5      | Noticed an ogre
  4556 | D:5      | Killed an ogre
  4825 | D:5      | Killed Sigmund
  4825 | D:5      | Reached XP level 7. HP: 50/50 MP: 11/13
  4917 | D:5      | Found a shimmering altar of Xom.
  4952 | D:5      | Found Koug's Weapon Shoppe.
  5373 | D:5      | Found a bloodstained altar of Trog.
  5501 | D:5      | Reached * piety under Qazlal
  5798 | D:6      | Reached XP level 8. HP: 28/57 MP: 1/14
  5906 | D:5      | Reached skill level 1 in Slings
  6465 | D:6      | Upgraded the game from 0.18-a0-1800-gdc7a371 to 0.18-a0-1805-g8ab820f
  6635 | D:4      | Fell from the grace of Qazlal
  6635 | D:4      | Became a worshipper of Sif Muna the Loreminder
  7349 | D:7      | Reached skill level 5 in Spellcasting
  7689 | D:7      | Reached XP level 9. HP: 50/63 MP: 12/16
  7696 | D:7      | Learned a level 5 spell: Irradiate
  7931 | D:7      | Found a glowing golden altar of the Shining One.
  7980 | D:7      | Noticed a lindwurm
  7980 | D:7      | Noticed a lindwurm
  8013 | D:7      | Reached skill level 1 in Fire Magic
  8013 | D:7      | Reached skill level 1 in Poison Magic
  8016 | D:7      | Killed a lindwurm
  8071 | D:7      | Reached * piety under Sif Muna
  8071 | D:7      | Reached skill level 1 in Transmutations
  8145 | D:7      | Killed a lindwurm
  8226 | D:7      | Reached skill level 1 in Invocations
  8761 | D:8      | Noticed a polar bear
  8794 | D:8      | Killed a polar bear
  8841 | D:8      | Found a snail-covered altar of Cheibriados.
  8955 | D:8      | You fall through a shaft for 3 floors!
  9122 | D:10     | Entered Level 10 of the Dungeon
  9204 | D:10     | Reached ** piety under Sif Muna
  9213 | D:10     | Reached XP level 10. HP: 70/70 MP: 2/18
  9593 | D:8      | Noticed Prince Ribbit
  9636 | D:8      | Killed Prince Ribbit
 10570 | D:8      | Was forgiven by Qazlal
 11237 | D:8      | Noticed an angel
 11238 | D:8      | Found a glowing silver altar of Zin.
 11545 | D:8      | Reached *** piety under Sif Muna
 12012 | D:9      | Reached skill level 6 in Spellcasting
 12485 | D:9      | Found a staircase to the Lair.
 12490 | Lair:1   | Entered Level 1 of the Lair of Beasts
 12926 | Lair:1   | Reached skill level 5 in Summonings
 13077 | Lair:1   | Noticed a spiny frog
 13135 | Lair:1   | Killed a spiny frog
 13224 | Lair:1   | Noticed a komodo dragon
 13251 | Lair:1   | Killed a komodo dragon
 13283 | Lair:1   | Noticed JetFlynn's ghost (novice TeSu)
 13677 | Lair:1   | Killed JetFlynn's ghost
 13677 | Lair:1   | Reached XP level 11. HP: 45/75 MP: 12/20
 13791 | Lair:1   | Gained mutation: Your mind is acute. (Int +2) [potion of beneficial mutation]
 13792 | Lair:1   | Gained mutation: You are agile. (Dex +2) [potion of beneficial mutation]
 13793 | Lair:1   | Gained mutation: Your skin changes colour to match your surroundings (Stealth). [potion of beneficial mutation]
 14257 | Lair:1   | Slain by a yak

Vault maps used:
D:1:      minmay_arrival_five_plusses
D:2:      serial_glass, glass_columns_a, glass_columns_a, glass_columns_c,
          glass_columns_a, glass_columns_c, uniq_terence
D:3:      gammafunk_temple_overflow_pools, ecumenical_altar_1,
          nemelex_dance_club_becter, uniq_robin
D:4:      kiku_gazebo_garden_becter, grunt_temple_overflow_open, temple_pool_b,
          first_bread, hex_medium, grunt_pakellas_salt
D:5:      bloody_trog, serial_shops, nicolae_shop_crystal, xom_teletrap_fun,
          uniq_sigmund
D:7:      tso_oasis_becter
D:8:      zin_angel, marbit_many_paths, serial_ice, serial_ice_l, serial_ice_o,
          serial_ice_m, serial_ice_h, serial_ice_g, uniq_prince_ribbit1
D:9:      lair_0_dummy
Temple:   chambers_temple_10

Skill      XL: |  1  2  3  4  5  6  7  8  9 10 |
---------------+-------------------------------+-----
Short Blades   | 1 2 3 |  3.3
Fighting       | 1 2 3 |  3.0
Translocations | 2 3 4 |  4.8
Spellcasting   | 4 5 6 |  6.3
Throwing       | 1 2 3 4 |  4.8
Air Magic      | 1 2 3 4 |  4.2
Summonings     | 2 3 4 5 |  5.3
Conjurations   | 2 3 4 |  4.4
Slings         | 1 2 3 |  3.6
Dodging        | 3 |  3.3
Fire Magic     | 2 3 |  3.8
Poison Magic   | 2 3 |  3.4
Transmutations | 2 3 |  3.3
Invocations    | 2 3 |  3.8
Stealth        | |  2.2

Action                   |  1- 3 |  4- 6 |  7- 9 | 10-12 || total
-------------------------+-------+-------+-------+-------++-------
Melee: Unarmed           |     3 |       |       |       ||     3
       Dagger            |     4 |    23 |    11 |    21 ||    59
 Fire: Hunting sling     |       |    18 |   113 |   257 ||   388
       Blowgun           |       |       |       |    21 ||    21
Throw: Javelin           |     1 |    11 |    18 |       ||    30
       Stone             |       |     1 |       |       ||     1
       Tomahawk          |       |       |    32 |    17 ||    49
 Cast: Magic Dart        |    76 |    86 |   134 |    84 ||   380
       Repel Missiles    |     1 |       |     1 |       ||     2
       Call Imp          |    14 |    36 |    76 |   118 ||   244
       Blink             |       |     2 |    18 |    23 ||    43
       Mephitic Cloud    |       |     8 |    37 |    45 ||    90
       Conjure Flame     |       |     7 |    21 |    35 ||    63
Invok: Channel Energy    |       |       |       |    24 ||    24
Evoke: Wand              |       |       |       |    16 ||    16
  Use: Scroll            |     1 |    11 |     7 |     2 ||    21
       Potion            |       |     7 |       |     8 ||    15
 Stab: Sleeping          |       |     2 |       |     1 ||     3
       Confused          |       |       |       |     1 ||     1
  Eat: Chunk             |     2 |     6 |    15 |     5 ||    28
       Bread ration      |       |     1 |       |     3 ||     4
       Pizza             |       |     1 |       |       ||     1
       Beef jerky        |       |       |       |     1 ||     1
       Fruit             |       |       |       |     2 ||     2
Armor: Robe              |     1 |     9 |    57 |    81 ||   148
Dodge: Dodged            |    21 |    43 |   107 |   145 ||   316
       Deflected         |       |       |     2 |       ||     2
Block: Other             |       |       |     1 |       ||     1
